cohdb
Replays
Latest Replays
All Replays
Popular Replays
Top Player Replays
Match Explorer
How It Works
Community
CoH3 Stats
Reddit
Sign in to upload your games and track your stats! →
Sign in with Steam
Match 42938128
Unlisted
Match 42938128
Overview
Messages
Build Orders
End
Pioneer Squad
Construct Infanterie Kompanie
Grenadier Squad
Selects Breakthrough Battlegroup
Selects Assault Grenadiers
Grenadier Squad
Grenadier Squad
MG 42 Machine Gun Team
Construct Luftwaffe Kompanie
Medical Bunker
Flak 30 Anti-aircraft Gun Team
Support Elements
Selects Rapid Production
Selects Blitzkrieg
Jäger Squad
Wirbelwind Flakpanzer
Wirbelwind Flakpanzer
Blitzkrieg
Pioneer Squad
Blitzkrieg
Selects Tiger Heavy Tank
STEVEBUSMILK
Fizzysaucers
0
0
Comments
sign in to comment!
No comments posted yet!